 Dungeon Crawl Stone Soup version 0.28-a0-1002-gf00fe891ef (webtiles) character file.

Game seed: 18243752589747112999

56 pdpol the Skirmisher (level 3, 0/32 HPs)
             Began as a Palentonga Warper on Dec 6, 2021.
             Was an Initiate of Gozag.
             Slain by Jessica (2 damage)
             ... on level 3 of the Dungeon.
             The game lasted 00:07:57 (3349 turns).

pdpol the Skirmisher (Palentonga Warper)            Turns: 3349, Time: 00:07:58

Health: 0/32       AC:  5    Str: 16    XL:     3   Next: 69%
Magic:  6/6        EV:  8    Int: 13    God:    Gozag
Gold:   55         SH:  0    Dex:  9    Spells: 1/6 levels left

rFire   . . .      SeeInvis +   l - +2 flail (vorpal)
rCold   . . .      Faith    .   (no shield)
rNeg    . . .      Spirit   .   k - +0 ring mail
rPois   .          Reflect  .   (no helmet)
rElec   .          Harm     .   (no cloak)
rCorr   .          Rampage  .   (no gloves)
Will    .....                   (no barding)
Stlth   ..........              (no amulet)
HPRegen 0.10/turn               (no ring)
MPRegen 0.10/turn               (no ring)

@: no status effects
A: large, rugged brown scales 3, see invisible, deformed body, roll 1, armoured
tail
a: Rolling Charge, Renounce Religion, Potion Petition, Call Merchant, Bribe
Branch


You were on level 3 of the Dungeon.
You worshipped Gozag.
Gozag was noncommittal.
You visited 1 branch of the dungeon, and saw 3 of its levels.

You collected 86 gold pieces.
You paid 31 gold pieces to Gozag.

Inventory:

Hand Weapons
 a - a +0 mace of freezing
 l - a +2 vorpal flail (weapon)
Missiles
 e - 20 poisoned darts (quivered)
Armour
 b - a +0 leather armour
 k - a +0 ring mail (worn)
Scrolls
 c - a scroll of blinking {!r}
 f - 2 scrolls of holy word {!r}
 n - a scroll of identify {unknown}
Potions
 g - a potion of attraction {unknown}
 h - a potion of haste {unknown}
 i - a potion of cancellation {unknown}
 j - 2 potions of curing
 m - a potion of degeneration {unknown}


   Skills:
 + Level 4.1 Fighting
 - Level 2.0 Maces & Flails
 - Level 0.6 Throwing
 - Level 0.7 Armour
 - Level 1.5 Dodging
 - Level 2.0 Spellcasting
 - Level 3.0 Translocations


You had one spell level left.
You knew the following spells:

 Your Spells              Type           Power      Damage    Failure   Level
a - Blink                 Tloc           18%        N/A       22%         2
b - Teleport Other        Tloc           9%         N/A       38%         3

Your spell library contained the following spells:

 Spells                   Type           Power      Damage    Failure   Level
 Apportation              Tloc           18%        N/A       14%         1
 Animate Skeleton         Necr           2%         N/A       43%         1
 Pain                     Necr           4%         1d4       43%         1
 Gell's Gravitas          Tloc           9%         N/A       38%         3
 Lesser Beckoning         Tloc           9%         N/A       38%         3
 Vampiric Draining        Necr           1%         2d6       82%         3
 Manifold Assault         Tloc           9%         N/A       98%         5
 Alistair's Intoxication  Tmut/Pois      0%         N/A       100%        5


Dungeon Overview and Level Annotations

Branches:
Dungeon (3/15)

Altars:
Gozag

Annotations:
D:3 Jessica, Natasha


Innate Abilities, Weirdness & Mutations

You are completely covered in rugged brown scales. (AC +3, +7% HP)
You have supernaturally acute eyesight. (SInv)
Armour fits poorly on your strangely shaped body.
You can roll at nearby foes to attack.
You have a long armoured tail.


Message History

You sock the endoplasm!
You kill the endoplasm!
You now have 55 gold pieces (gained 5).
Jessica the Apprentice Sorceress comes into view.
She is wielding a +0 club.
Jessica shouts!
You barely miss Jessica. Jessica hits you with a +0 club.
You take 5 damage, and have 27/32 hp.
You hit Jessica. Jessica hits you with a +0 club.
You take 5 damage, and have 22/32 hp.
You closely miss Jessica. Jessica hits you with a +0 club. x2
You take 5 damage, and have 17/32 hp.
You barely miss Jessica. You tail-slap Jessica.
Jessica hits you with a +0 club.
You take 1 damage, and have 16/32 hp.
You hit Jessica. Jessica hits you with a +0 club.
You take 5 damage, and have 11/32 hp.
You closely miss Jessica.
Jessica shouts, "I don't like beings like you!"
Jessica gestures wildly while chanting.
Jessica seems to speed up.
Jessica gestures wildly.
Jessica hits you with a +0 club.
* * * LOW HITPOINT WARNING * * *
You take 3 damage, and have 8/32 hp.
Throw: 2 boomerangs (disperse) {=f}
Aim: Jessica, wielding a +0 club and wearing a +0 robe (almost dead, fast, 56% to hit)
You throw a boomerang of dispersal {=f}.
The boomerang of dispersal {=f} closely misses Jessica.
Jessica hits you with a +0 club.
* * * LOW HITPOINT WARNING * * *
You take 3 damage, and have 5/32 hp.
Throw: boomerang (disperse) {=f}
Aim: Jessica, wielding a +0 club and wearing a +0 robe (almost dead, fast, 56% to hit)
You throw a boomerang of dispersal {=f}.
The boomerang of dispersal {=f} closely misses Jessica.
Jessica hits you with a +0 club.
* * * LOW HITPOINT WARNING * * *
Jessica hits you with a +0 club.
You die...
Your body crumbles into a pile of gold.

.. #...(...#.#
....####^####.#
..............#
....#.#.###..##
. #...# ##.#
##... #.# #...#
#.# .#... #.#
..#...##@#
..##..##@# ...
...#.# ...
....# .....#
......#
.......#
........#


You could see Jessica (fast).

Vanquished Creatures
  A worm (D:2)
  2 orcs (D:2)
  A ball python (D:1)
  3 endoplasms
  2 giant cockroaches
  2 goblins (D:1)
  3 hobgoblins (D:2)
  5 jackals
  5 kobolds
  3 quokkas
  9 bats
  2 frilled lizards
  5 rats
43 creatures vanquished.

Notes
Turn   | Place    | Note
-------+----------+-------------------------------------------
     0 | D:1      | pdpol the Palentonga Warper began the quest for the Orb.
     0 | D:1      | Reached XP level 1. HP: 17/17 MP: 3/3
   374 | D:1      | Reached XP level 2. HP: 24/24 MP: 5/5
   536 | D:1      | Reached skill level 3 in Fighting
   890 | D:2      | Noticed Natasha
   890 | D:2      | Found a faded altar of an unknown god.
  1358 | D:2      | Reached XP level 3. HP: 23/31 MP: 6/6
  2411 | D:3      | Found an opulent altar of Gozag.
  2440 | D:3      | Reached skill level 4 in Fighting
  2779 | D:3      | Learned a level 2 spell: Blink
  2784 | D:3      | Learned a level 3 spell: Teleport Other
  3306 | D:3      | Became a worshipper of Gozag Ym Sagoz the Greedy
  3339 | D:3      | Noticed Jessica
  3349 | D:3      | Slain by Jessica

Illustrated notes

Levels and vault maps discovered:
D:1:      dpeg_arrival_short_road, layout_loops_ring
D:2:      layout_loops_ring, hellmonk_ecumenical_altar_dog_temple, uniq_natasha
D:3:      layout_basic, lemuel_tele_altar, minmay_misc_feat_nine_boxes,
          uniq_crazy_yiuf_cottage, uniq_jessica

Skill      XL: |  1  2  3 |
---------------+----------+-----
Fighting       | 3 4 |  4.1
Maces & Flails | |  2.0
Throwing       | |  0.6
Armour         | |  0.7
Dodging        | |  1.5
Spellcasting   | |  2.0
Translocations | |  3.0

Action                   || total
-------------------------++-------
Melee: Mace              ||   146
       Tailslap          ||    12
       Flail             ||     7
Throw: Boomerang         ||     5
       Dart              ||     3
 Abil: Rolling Charge    ||     4
  Use: Scroll            ||     2
       Potion            ||     2
Armor: Leather armour    ||    53
       Ring mail         ||    23
Dodge: Dodged            ||    95

Table legend: (Time is in decaauts)
 A = Elapsed time spent in this place.
 B = Non-inter-level travel time spent in this place.
 C = Inter-level travel time spent in this place.
 D = Time resting spent in this place.
 E = Time spent auto-exploring this place.
 F = Levels seen in this place.
 G = Mean time per level.
                   A        B        C        D        E       F      G
               +--------+--------+--------+--------+--------+-----+--------+
         Total |   3400 |   3230 |    170 |   1301 |   1052 |   3 | 1133.3 |
       Dungeon |   3400 |   3230 |    170 |   1301 |   1052 |   3 | 1133.3 |
               +--------+--------+--------+--------+--------+-----+--------+

Top non-repeatable levels by time:
     D:2: 1941 daAuts
     D:1: 1064 daAuts
     D:3: 394 daAuts
